 Dungeon Crawl Stone Soup version 0.20-a0-382-g289d6af (webtiles) character file.

942 terra52 the Magician (level 7, -4/36 HPs)
             Began as a Deep Elf Air Elementalist on Dec 28, 2016.
             Was an Initiate of Gozag.
             Slain by a sky beast (6 damage)
             ... on level 5 of the Dungeon.
             The game lasted 00:24:34 (5565 turns).

terra52 the Magician (Deep Elf Air Elementalist)    Turns: 5565, Time: 00:24:35

Health: -4/36      AC:  3    Str:  5    XL:     7   Next: 88%
Magic:  3/20       EV: 13    Int: 22    God:    Gozag
Gold:   179        SH:  0    Dex: 15    Spells: 5/21 levels left

rFire  . . .     SeeInvis .     y - +0 whip (elec)
rCold  . . .     Gourm    .     a - +0 robe
rNeg   . . .     Faith    .     (no shield)
rPois  .         Spirit   .     (no helmet)
rElec  .         Reflect  .     g - +0 cloak
rCorr  .         Harm     .     (no gloves)
MR     .....                    (no boots)
Stlth  ++........               (no amulet)
                                (no ring)
                                (no ring)

@: very slightly contaminated, hasted, repel missiles, very quick
A: no striking features
a: Potion Petition, Call Merchant, Bribe Branch, Renounce Religion


You were on level 5 of the Dungeon.
You worshipped Gozag.
Gozag was aware of your devotion.
You were not hungry.

You visited 2 branches of the dungeon, and saw 6 of its levels.

You collected 214 gold pieces.
You paid 35 gold pieces to Gozag.

Inventory:

Hand Weapons
 d - a +0 short sword
 t - a cursed -3 short sword
 u - a +0 blowgun
 y - a +0 whip of electrocution (weapon)
Missiles
 v - 15 poisoned needles
Armour
 a - a +0 robe (worn)
 g - a +0 cloak (worn)
Wands
 q - a wand of lightning (9/15)
Scrolls
 f - a scroll of magic mapping
 l - a scroll of fear {unknown}
 m - a scroll of amnesia {unknown}
 n - a scroll of recharging {unknown}
 o - 2 scrolls of teleportation {unknown}
 p - a scroll of enchant armour {unknown}
 s - 3 scrolls of identify
 z - a scroll of remove curse
Potions
 e - 2 potions of cancellation
 j - 3 potions of haste
 r - a potion of heal wounds {unknown}
 w - a potion of might
 x - a potion of magic {unknown}
Books
 b - a book of Air

   Spells                             Type                      Level
   a - Shock                          Conjuration/Air              1
   b - Swiftness                      Charms/Air                   2
   c - Repel Missiles                 Charms/Air                   2
   d - Static Discharge               Conjuration/Air              3
   e - Lightning Bolt                 Conjuration/Air              5
 h - a book of Maledictions

   Spells                             Type                      Level
   a - Corona                         Hexes                        1
   b - Ensorcelled Hibernation        Hexes/Ice                    2
   c - Confuse                        Hexes                        3
   d - Tukima's Dance                 Hexes                        3
   e - Dazzling Spray                 Conjuration/Hexes            3
Comestibles
 c - 4 bread rations
 i - 4 meat rations
 k - 11 fruits


   Skills:
 + Level 3.0 Dodging
 + Level 2.8 Stealth
 * Level 7.5 Spellcasting
 * Level 5.2 Conjurations
 * Level 6.0 Air Magic


You had 5 spell levels left.
You knew the following spells:

 Your Spells              Type           Power        Failure   Level  Hunger
a - Shock                 Conj/Air       ####         1%          1    None
b - Repel Missiles        Chrm/Air       ###...       4%          2    None
c - Swiftness             Chrm/Air       ###.....     4%          2    None
d - Static Discharge      Conj/Air       ####....     2%          3    None
e - Lightning Bolt        Conj/Air       ####......   28%         5    #####..
f - Dazzling Spray        Conj/Hex       ###...       12%         3    None


Dungeon Overview and Level Annotations

Branches:
Dungeon (5/15)             Temple (1/1) D:4

Altars:
Ashenzari
Cheibriados
Dithmenos
Elyvilon
Gozag
Hepliaklqana
Kikubaaqudgha
Makhleb
Nemelex Xobeh
Okawaru
Qazlal
Ru
Sif Muna
Trog
Uskayaw
Vehumet
Xom
Yredelemnul
Zin
The Shining One


Message History

Aiming: Shock
Press: ? - help, Shift-Dir - straight line The zap hits something.
Something hits you. Something shocks you.
Casting: Shock
Confirm with . or Enter, or press ? or * to list all spells.
Aiming: Shock
Press: ? - help, Shift-Dir - straight line The zap hits something.
Something hits you. Something shocks you.
You feel yourself speed up. Something hits you. Something shocks you.
* * * LOW HITPOINT WARNING * * *
You are very lightly contaminated with residual magic.
Casting: Shock
Confirm with . or Enter, or press ? or * to list all spells.
Aiming: Shock
Press: ? - help, Shift-Dir - straight line The zap hits something.
Something hits you.
* * * LOW HITPOINT WARNING * * *
Something shocks you.
You die...
Your body crumbles into a pile of gold.

#.. #.# #.# #.# ## #.#
#. ##.# #. ##..## #####
#[ ..!#####....####...##
#.
#.....{@###.......[.###.
#....#### ##.........#..
#.. ##........... #
##...####... #..## ###.
##.# ## $ #.# #. #.# #.
#.# #.


There were no monsters in sight!

Vanquished Creatures
  An ogre (D:4)
  A phantom (D:4)
  A centaur (D:3)
  A scorpion (D:4)
  3 vampire bats (D:3)
  A crimson imp (D:5)
  A centaur zombie (D:5)
  A hound (D:5)
  2 orc priests
  2 orc wizards (D:4)
  3 worker ants
  Natasha (D:3)
  8 adders
  2 oozes
  6 worms
  2 dart slugs
  4 leopard geckos
  9 orcs
  A bat skeleton (D:3)
  5 bat zombies (D:3)
  6 giant cockroaches
  4 goblins
  6 hobgoblins
  10 jackals
  8 kobolds
  4 quokkas
  2 ball pythons
  7 bats
  7 frilled lizards
  A leopard gecko skeleton (D:4)
  11 rats
121 creatures vanquished.

Notes
Turn   | Place    | Note
-------+----------+-------------------------------------------
     0 | D:1      | terra52 the Deep Elf Air Elementalist began the quest for the Orb.
     0 | D:1      | Reached XP level 1. HP: 10/10 MP: 6/6
   301 | D:1      | Reached XP level 2. HP: 12/15 MP: 1/8
   797 | D:1      | Reached XP level 3. HP: 19/19 MP: 6/9
   990 | D:1      | Learned a level 2 spell: Repel Missiles
   993 | D:1      | Learned a level 2 spell: Swiftness
   997 | D:1      | Learned a level 3 spell: Static Discharge
  1128 | D:2      | Reached skill level 4 in Spellcasting
  1342 | D:2      | You fall through a shaft for 2 floors!
  1365 | D:4      | Reached XP level 4. HP: 20/24 MP: 4/12
  1476 | D:4      | Noticed a phantom
  2314 | D:3      | Noticed a centaur
  2680 | D:3      | Killed a centaur
  2680 | D:3      | Reached skill level 5 in Spellcasting
  2680 | D:3      | Reached XP level 5. HP: 27/28 MP: 6/14
  2779 | D:3      | Learned a level 5 spell: Lightning Bolt
  2978 | D:3      | Found a faded altar of an unknown god.
  3249 | D:3      | Reached XP level 6. HP: 32/32 MP: 13/16
  3583 | D:3      | Reached skill level 6 in Spellcasting
  3590 | D:3      | Noticed Natasha
  3598 | D:3      | Killed Natasha
  3681 | D:3      | Found an ancient bone altar of Kikubaaqudgha.
  3856 | D:4      | Reached skill level 5 in Air Magic
  4044 | D:4      | Reached XP level 7. HP: 36/36 MP: 8/18
  4235 | D:4      | Found a staircase to the Ecumenical Temple.
  4243 | Temple   | Entered the Ecumenical Temple
  4296 | Temple   | Became a worshipper of Gozag Ym Sagoz the Greedy
  4508 | D:4      | Reached skill level 7 in Spellcasting
  5072 | D:4      | Found a faded altar of an unknown god.
  5072 | D:4      | Found a hazy altar of Hepliaklqana.
  5124 | D:4      | Found a faded altar of an unknown god.
  5129 | D:4      | Found a sparkling altar of Nemelex Xobeh.
  5131 | D:4      | Found a shattered altar of Ashenzari.
  5192 | D:4      | Learned a level 3 spell: Dazzling Spray
  5353 | D:5      | Entered Level 5 of the Dungeon
  5549 | D:5      | Reached skill level 5 in Conjurations
  5565 | D:5      | Slain by a sky beast

Vault maps used:
D:1:      scummos_arrival_simple_fountains, hangedman_abyss_or_decor_lesser_grid
D:2:      minmay_misc_feat_doors
D:3:      kennysheep_vampire_church, chequers_ecumenical_altar_island,
          uniq_natasha
D:4:      chequers_temple_overflow_minitemple, dk_vineyard_2
D:5:      serial_shops, nicolae_shop_temple_entry_statues_fountains, first_bread
Temple:   nicolae_temple_x_marks_the_god

Skill      XL: |  1  2  3  4  5  6  7 |
---------------+----------------------+-----
Spellcasting   | 4 5 6 7 |  7.5
Conjurations   | 2 3 4 5 |  5.2
Air Magic      | 4 5 6 |  6.0
Dodging        | 3 |  3.0
Stealth        | |  2.8

Action                   |  1- 3 |  4- 6 |  7- 9 || total
-------------------------+-------+-------+-------++-------
Melee: Unarmed           |     6 |       |       ||     6
       Short sword       |       |     2 |       ||     2
       Whip              |       |       |     6 ||     6
 Fire: Blowgun           |       |     1 |     2 ||     3
 Cast: Shock             |    83 |   143 |    77 ||   303
       Repel Missiles    |     1 |     1 |       ||     2
       Swiftness         |     1 |       |       ||     1
       Static Discharge  |       |     4 |       ||     4
       Lightning Bolt    |       |       |     4 ||     4
       Dazzling Spray    |       |       |     3 ||     3
  Use: Scroll            |     4 |     1 |       ||     5
       Potion            |       |     3 |     1 ||     4
  Eat: Chunk             |     1 |     8 |     2 ||    11
       Beef jerky        |       |       |     2 ||     2
       Fruit             |       |       |     1 ||     1
Armor: Robe              |     2 |    12 |     5 ||    19
Dodge: Dodged            |    15 |    46 |    11 ||    72
       Deflected         |       |     4 |       ||     4
